AA
CALGARY COWBOYS @ TUSCALOOSA YELLOWHAMMERS
09/05/2059
 
TOP OF THE 1ST
Calgary Cowboys batting - Pitching for Tuscaloosa Yellowhammers : RHP Mike Rednour
Pitching: RHP Mike Rednour
Batting: RHB Jeff DeLong 0-0: Called Strike
0-1: Swinging Strike
0-2: Strikes out swinging
Batting: RHB M.J. McCaslin 0-0: Fly out, F5 (Line Drive, 5L, EV 69.4 MPH)
Batting: LHB Stavian Adjeng 0-0: Called Strike
0-1: Ball
1-1: Swinging Strike
1-2: Ground out 5-3 (Groundball, 56, EV 105.0 MPH)
Top of the 1st over - 0 runs, 0 hits, 0 errors, 0 left on base; Calgary 0 - Tuscaloosa 0
BOTTOM OF THE 1ST
Tuscaloosa Yellowhammers batting - Pitching for Calgary Cowboys : RHP Dario Gibbs
Pitching: RHP Dario Gibbs
Batting: RHB Elias Stirewalt 0-0: Ball
1-0: SINGLE (Groundball, 6D, EV 102.5 MPH)
Batting: LHB Samuel Hamblin 0-0: Called Strike
0-1: Swinging Strike
0-2: Ball
1-2: Ball
2-2: Strikes out swinging
Batting: LHB B.J. Solis 0-0: Ball
1-0: Reached on error, E6 (Groundball, 6, EV 108.8 MPH)
Elias Stirewalt to second
Batting: RHB Andy Bernard 0-0: Fly out, F6 (Popup, P, EV 90.6 MPH)
Batting: RHB Nathan Stiso 0-0: Fly out, F7 (Flyball, 7LM, EV 101.9 MPH)
Bottom of the 1st over - 0 runs, 1 hit, 1 error, 2 left on base; Calgary 0 - Tuscaloosa 0
TOP OF THE 2ND
Calgary Cowboys batting - Pitching for Tuscaloosa Yellowhammers : RHP Mike Rednour
Batting: LHB Wyatt Ludwig 0-0: Called Strike
0-1: Ball
1-1: Ball
2-1: Ball
3-1: Base on Balls
Batting: SHB Blake Humphrey 0-0: Foul Ball, location: 2F
0-1: Fly out, F8 (Flyball, 8RM, EV 83.1 MPH)
Batting: RHB Archie Dorsey 0-0: DOUBLE (Line Drive, 89D, EV 98.1 MPH)
Wyatt Ludwig to third
Wyatt Ludwig scores
Batting: LHB Stoney Ljungdahl 0-0: Ball
1-0: Foul Ball, location: 2F
1-1: Called Strike
1-2: Fly out, F8 (Flyball, 8LD, EV 98.8 MPH)
Batting: RHB Houston Abercrombie 0-0: Foul Ball, location: 2F
0-1: Ball
1-1: Foul Ball, location: 2F
1-2: Ball
2-2: Ball
3-2: SINGLE (Groundball, 34D, EV 100.0 MPH)
Archie Dorsey to third
Runner from 3rd tries for Home, SAFE, throw by RF to home
Batting: RHB Lanny Suharto 0-0: Foul Ball, location: 2F
0-1: Called Strike
0-2: Ball
1-2: SINGLE (Groundball, 34D, EV 98.1 MPH)
Houston Abercrombie to second
Runner from 2nd tries for 3rd, SAFE, throw by RF made to third
Batting: RHB Jeff DeLong 0-0: Called Strike
0-1: Ball
1-1: Ball
2-1: Ball
3-1: Swinging Strike
3-2: Base on Balls
Lanny Suharto to second
Batting: RHB M.J. McCaslin 0-0: Ball
1-0: Ball
2-0: SINGLE (Groundball, 56D, EV 98.8 MPH)
Houston Abercrombie scores
Lanny Suharto to third
Jeff DeLong to second
Runner from 3rd tries for Home, SAFE, throw by LF to home
Now in LF: Griffin Fruchey
Batting: LHB Stavian Adjeng 0-0: Called Strike
0-1: DOUBLE (Line Drive, 89D, EV 107.5 MPH)
Jeff DeLong scores
M.J. McCaslin to third
Batting: LHB Wyatt Ludwig 0-0: Called Strike
0-1: Ball
1-1: Ball
2-1: Foul Ball, location: 2F
2-2: Foul Ball, location: 2F
2-2: Strikes out swinging
Top of the 2nd over - 5 runs, 5 hits, 0 errors, 2 left on base; Calgary 5 - Tuscaloosa 0
BOTTOM OF THE 2ND
Tuscaloosa Yellowhammers batting - Pitching for Calgary Cowboys : RHP Dario Gibbs
Batting: RHB Izaiah Norwood 0-0: Ball
1-0: Fly out, F7 (Flyball, 7S, EV 76.2 MPH)
Batting: LHB Max Klausner 0-0: Called Strike
0-1: Foul Ball, location: 2F
0-2: Ball
1-2: Strikes out swinging
Batting: RHB Dawson Moore 0-0: Ball
1-0: Called Strike
1-1: SINGLE (Line Drive, 78S, EV 96.2 MPH)
Batting: RHB Payton Snyder 0-0: Ball
1-0: Foul Ball, location: 2F
1-1: Swinging Strike
1-2: Strikes out swinging
Bottom of the 2nd over - 0 runs, 1 hit, 0 errors, 1 left on base; Calgary 5 - Tuscaloosa 0
TOP OF THE 3RD
Calgary Cowboys batting - Pitching for Tuscaloosa Yellowhammers : RHP Mike Rednour
Batting: SHB Blake Humphrey 0-0: Fly out, F6 (Popup, 6D, EV 72.5 MPH)
Batting: RHB Archie Dorsey 0-0: Ball
1-0: Ground out 6-3 (Groundball, 56, EV 93.8 MPH)
Batting: LHB Stoney Ljungdahl 0-0: Ball
1-0: Foul Ball, location: 2F
1-1: Swinging Strike
1-2: Strikes out swinging
Top of the 3rd over - 0 runs, 0 hits, 0 errors, 0 left on base; Calgary 5 - Tuscaloosa 0
BOTTOM OF THE 3RD
Tuscaloosa Yellowhammers batting - Pitching for Calgary Cowboys : RHP Dario Gibbs
Batting: RHB Elias Stirewalt 0-0: Ball
1-0: Swinging Strike
1-1: Called Strike
1-2: Ground out 4-3 (Groundball, 4M, EV 91.9 MPH)
Batting: LHB Samuel Hamblin 0-0: Ball
1-0: Foul Ball, location: 2F
1-1: Hit by Pitch
Batting: RHB Griffin Fruchey 0-0: Ball
1-0: Swinging Strike
1-1: Foul Ball, location: 2F
1-2: Ball
2-2: Ball
3-2: SINGLE (Line Drive, 8LS, EV 95.6 MPH)
Samuel Hamblin to second
Samuel Hamblin to third
Batting: RHB Andy Bernard 0-0: Ball
1-0: Foul Ball, location: 2F
1-1: Called Strike
1-2: SINGLE (Line Drive, 5L, EV 101.2 MPH)
Samuel Hamblin scores
Griffin Fruchey to second
Batting: RHB Nathan Stiso 0-0: Ball
1-0: Ball
2-0: Ball
3-0: Called Strike
3-1: DOUBLE (Flyball, 8LD, EV 86.2 MPH)
Griffin Fruchey scores
Andy Bernard to third
Batting: RHB Izaiah Norwood 0-0: Ball
1-0: Ball
2-0: Ground out 1-3 (Groundball, 34S, EV 70.0 MPH)
Batting: LHB Max Klausner 0-0: SINGLE (Line Drive, 4D, EV 103.1 MPH)
Andy Bernard scores
Nathan Stiso to third
Batting: RHB Dawson Moore 0-0: Called Strike
0-1: Foul Ball, location: 2F
0-2: Foul Ball, location: 2F
0-2: Ball
1-2: Fly out, F8 (Flyball, 8LS, EV 87.5 MPH)
Bottom of the 3rd over - 3 runs, 4 hits, 0 errors, 2 left on base; Calgary 5 - Tuscaloosa 3
TOP OF THE 4TH
Calgary Cowboys batting - Pitching for Tuscaloosa Yellowhammers : RHP Mike Rednour
Batting: RHB Houston Abercrombie 0-0: Ball
1-0: Ball
2-0: Ball
3-0: Base on Balls
Pitching: RHP Joel Sandifer
Batting: RHB Lanny Suharto 0-0: Called Strike
0-1: Foul Ball, location: 2F
0-2: Strikes out swinging
Batting: RHB Jeff DeLong 0-0: Ball
1-0: Ball
Houston Abercrombie is caught stealing 2nd base 2-4
2-0: Called Strike
2-1: Called Strike
2-2: Foul Ball, location: 2F
2-2: Strikes out looking
Top of the 4th over - 0 runs, 0 hits, 0 errors, 0 left on base; Calgary 5 - Tuscaloosa 3
BOTTOM OF THE 4TH
Tuscaloosa Yellowhammers batting - Pitching for Calgary Cowboys : RHP Dario Gibbs
Batting: RHB Payton Snyder 0-0: Ball
1-0: Ball
2-0: Called Strike
2-1: Foul Ball, location: 2F
2-2: Strikes out swinging
Batting: RHB Elias Stirewalt 0-0: Ball
1-0: Ball
2-0: Ball
3-0: Called Strike
3-1: Foul Ball, location: 2F
3-2: DOUBLE (Line Drive, 3D, EV 103.1 MPH)
Batting: LHB Samuel Hamblin 0-0: Called Strike
0-1: Ball
1-1: Called Strike
1-2: Ground out 4-3 (Groundball, 4S, EV 84.4 MPH)
Elias Stirewalt to third
Batting: RHB Griffin Fruchey 0-0: Swinging Strike
0-1: Foul Ball, location: 2F
0-2: Ball
1-2: Ball
2-2: Foul Ball, location: 2F
2-2: Ground out 5-3 (Groundball, 56S, EV 86.2 MPH)
Bottom of the 4th over - 0 runs, 1 hit, 0 errors, 1 left on base; Calgary 5 - Tuscaloosa 3
TOP OF THE 5TH
Calgary Cowboys batting - Pitching for Tuscaloosa Yellowhammers : RHP Joel Sandifer
Batting: RHB M.J. McCaslin 0-0: Ball
1-0: Ball
2-0: SOLO HOME RUN (Flyball, 7D, EV 97.5 MPH), Distance : 395 ft
Batting: LHB Stavian Adjeng 0-0: Ball
1-0: Called Strike
1-1: Ball
2-1: SINGLE (Groundball, 4D, EV 100.6 MPH)
Batting: LHB Wyatt Ludwig 0-0: SINGLE (Line Drive, 6MD, EV 97.5 MPH)
Stavian Adjeng to second
Runner from 2nd tries for 3rd, SAFE, throw by CF made to third
Batting: SHB Blake Humphrey 0-0: Fly out, F4 (Popup, 3, EV 54.4 MPH)
Batting: RHB Archie Dorsey 0-0: Ball
1-0: Called Strike
1-1: Fly out, F8 (Flyball, 89XD, EV 76.9 MPH)
Runner from 3rd tags up, SCORES, no throw by CF
Batting: LHB Stoney Ljungdahl 0-0: Called Strike
0-1: Ball
1-1: Foul Ball, location: 2F
1-2: Ball
2-2: Strikes out swinging, 2-3 out at first.
Top of the 5th over - 2 runs, 3 hits, 0 errors, 1 left on base; Calgary 7 - Tuscaloosa 3
BOTTOM OF THE 5TH
Tuscaloosa Yellowhammers batting - Pitching for Calgary Cowboys : RHP Dario Gibbs
Batting: RHB Andy Bernard 0-0: SINGLE (Line Drive, 56D, EV 103.8 MPH)
Batting: RHB Nathan Stiso 0-0: Reached on error, E4 (Groundball, 34S, EV 81.2 MPH)
Andy Bernard to second
Batting: RHB Izaiah Norwood 0-0: Ball
1-0: Ball
2-0: Foul Ball, location: 2F
2-1: Ball
3-1: Foul Ball, location: 2F
3-2: Foul Ball, location: 2F
3-2: Base on Balls
Andy Bernard to third
Nathan Stiso to second
Batting: LHB Max Klausner 0-0: Ball
1-0: Ball
2-0: Ball
3-0: Called Strike
3-1: Called Strike
3-2: DOUBLE (Flyball, 8RXD, EV 105.0 MPH)
Andy Bernard scores
Nathan Stiso scores
Izaiah Norwood to third
Runner from 3rd tries for Home, SAFE, throw by CF to home
Pitching: RHP Tucker Furry
Batting: RHB Dawson Moore 0-0: Ball
1-0: Called Strike
1-1: Called Strike
1-2: Ball
2-2: Ball
3-2: Ground out 6-3 (Groundball, 6D, EV 110.6 MPH)
Batting: RHB Payton Snyder 0-0: Ball
1-0: Called Strike
1-1: Ball
2-1: Ground out 5-3 (Groundball, 56, EV 91.2 MPH)
Batting: RHB Elias Stirewalt 0-0: Ball
1-0: Foul Ball, location: 2F
1-1: Ball
2-1: Fly out, F8 (Line Drive, 8LM, EV 106.9 MPH)
Bottom of the 5th over - 3 runs, 2 hits, 1 error, 1 left on base; Calgary 7 - Tuscaloosa 6
TOP OF THE 6TH
Calgary Cowboys batting - Pitching for Tuscaloosa Yellowhammers : RHP Joel Sandifer
Batting: RHB Houston Abercrombie 0-0: Ball
1-0: Called Strike
1-1: Foul Ball, location: 2F
1-2: Ball
2-2: Foul Ball, location: 2F
2-2: Strikes out swinging
Batting: RHB Lanny Suharto 0-0: Foul Ball, location: 2F
0-1: Ball
1-1: Foul Ball, location: 2F
1-2: Strikes out swinging
Batting: RHB Jeff DeLong 0-0: Foul Ball, location: 2F
0-1: Foul Ball, location: 2F
0-2: Foul Ball, location: 2F
0-2: Ball
1-2: Ball
2-2: Fly out, F8 (Line Drive, 8RM, EV 97.5 MPH)
Top of the 6th over - 0 runs, 0 hits, 0 errors, 0 left on base; Calgary 7 - Tuscaloosa 6
BOTTOM OF THE 6TH
Tuscaloosa Yellowhammers batting - Pitching for Calgary Cowboys : RHP Tucker Furry
Batting: LHB Samuel Hamblin 0-0: Called Strike
0-1: Ball
1-1: Called Strike
1-2: Strikes out swinging
Batting: RHB Griffin Fruchey 0-0: Foul Ball, location: 2F
0-1: Ball
1-1: Ball
2-1: Foul Ball, location: 2F
2-2: Ground out 4-3 (Groundball, 4S, EV 85.0 MPH)
Batting: RHB Andy Bernard 0-0: Swinging Strike
0-1: Called Strike
0-2: Ball
1-2: Ball
2-2: Strikes out swinging
Bottom of the 6th over - 0 runs, 0 hits, 0 errors, 0 left on base; Calgary 7 - Tuscaloosa 6
TOP OF THE 7TH
Calgary Cowboys batting - Pitching for Tuscaloosa Yellowhammers : RHP Joel Sandifer
Pitching: RHP Jace Joiner
Batting: RHB M.J. McCaslin 0-0: Swinging Strike
0-1: Ball
1-1: Ball
2-1: Foul Ball, location: 2F
2-2: Strikes out swinging
Batting: LHB Stavian Adjeng 0-0: Ground out 6-3 (Groundball, 6, EV 109.4 MPH)
Batting: LHB Wyatt Ludwig 0-0: Ball
1-0: Foul Ball, location: 2F
1-1: Swinging Strike
1-2: Strikes out looking
Top of the 7th over - 0 runs, 0 hits, 0 errors, 0 left on base; Calgary 7 - Tuscaloosa 6
BOTTOM OF THE 7TH
Tuscaloosa Yellowhammers batting - Pitching for Calgary Cowboys : RHP Tucker Furry
Batting: RHB Nathan Stiso 0-0: Ball
1-0: Foul Ball, location: 2F
1-1: Ball
2-1: Ball
3-1: Fly out, F7 (Flyball, 7S, EV 90.0 MPH)
Batting: RHB Izaiah Norwood 0-0: Called Strike
0-1: Foul Ball, location: 2F
0-2: Strikes out looking
Batting: LHB Max Klausner 0-0: Ball
1-0: Called Strike
1-1: SINGLE (Line Drive, 89S, EV 106.9 MPH)
Batting: RHB Dawson Moore 0-0: Called Strike
0-1: Swinging Strike
0-2: Ball
1-2: SINGLE (Groundball, 56D, EV 95.6 MPH)
Max Klausner to second
Batting: RHB Payton Snyder 0-0: Fielders Choice at 2nd, 6-4 (Groundball, 6, EV 83.1 MPH)
Bottom of the 7th over - 0 runs, 2 hits, 0 errors, 2 left on base; Calgary 7 - Tuscaloosa 6
TOP OF THE 8TH
Calgary Cowboys batting - Pitching for Tuscaloosa Yellowhammers : RHP Jace Joiner
Pitching: LHP Dave Childers
Batting: SHB Blake Humphrey 0-0: Foul Ball, location: 2F
0-1: Ground out 4-3 (Groundball, 4, EV 105.6 MPH)
Batting: RHB Archie Dorsey 0-0: Called Strike
0-1: Ball
1-1: Ground out 6-3 (Groundball, 6M, EV 80.0 MPH)
Batting: LHB Stoney Ljungdahl 0-0: Ball
1-0: Called Strike
1-1: Swinging Strike
1-2: Ball
2-2: Ball
3-2: SINGLE (Line Drive, 9S, EV 93.1 MPH)
Batting: RHB Houston Abercrombie 0-0: Ball
1-0: Fielders Choice at 2nd, 6-4 (Groundball, 6, EV 107.5 MPH)
Top of the 8th over - 0 runs, 1 hit, 0 errors, 1 left on base; Calgary 7 - Tuscaloosa 6
BOTTOM OF THE 8TH
Tuscaloosa Yellowhammers batting - Pitching for Calgary Cowboys : RHP Tucker Furry
Batting: RHB Elias Stirewalt 0-0: Called Strike
0-1: Ball
1-1: SINGLE (Line Drive, 7S, EV 93.1 MPH)
Pitching: LHP Dalton Malcolm
Batting: LHB Samuel Hamblin 0-0: SINGLE (Line Drive, 6D, EV 100.0 MPH)
Elias Stirewalt to second
Batting: RHB Griffin Fruchey 0-0: Ball
1-0: Called Strike
1-1: Grounds into double play, 4-6-3 (Groundball, 4, EV 82.5 MPH)
Elias Stirewalt to third
Batting: RHB Andy Bernard 0-0: Ball
1-0: Ball
2-0: Called Strike
2-1: Fly out, F7 (Flyball, 7S, EV 91.2 MPH)
Bottom of the 8th over - 0 runs, 2 hits, 0 errors, 1 left on base; Calgary 7 - Tuscaloosa 6
TOP OF THE 9TH
Calgary Cowboys batting - Pitching for Tuscaloosa Yellowhammers : LHP Dave Childers
Batting: RHB Lanny Suharto 0-0: Called Strike
0-1: Swinging Strike
0-2: Strikes out swinging
Batting: RHB Jeff DeLong 0-0: Ball
1-0: Ball
2-0: Swinging Strike
2-1: Foul Ball, location: 2F
2-2: Ball
3-2: SINGLE (Groundball, 25, EV 66.2 MPH) (infield hit)
Batting: RHB M.J. McCaslin 0-0: Called Strike
Jeff DeLong steals 2nd base
0-1: Ball
1-1: Intentional Walk
Batting: LHB Stavian Adjeng 0-0: Fly out, F8 (Flyball, 8RXD, EV 90.6 MPH)
Batting: LHB Wyatt Ludwig 0-0: Ball
1-0: Called Strike
1-1: Ball
2-1: Ball
3-1: Called Strike
3-2: SINGLE (Line Drive, 5L, EV 98.1 MPH)
Jeff DeLong to third
M.J. McCaslin to second
Jeff DeLong scores
M.J. McCaslin to third
Pitching: RHP Mason Hampton
Batting: SHB Blake Humphrey 0-0: Ground out 1-3 (Groundball, 13S, EV 72.5 MPH)
Top of the 9th over - 1 run, 2 hits, 0 errors, 2 left on base; Calgary 8 - Tuscaloosa 6
BOTTOM OF THE 9TH
Tuscaloosa Yellowhammers batting - Pitching for Calgary Cowboys : LHP Dalton Malcolm
Now in LF: Isaac Luo
Batting: RHB Nathan Stiso 0-0: Ball
1-0: Ground out 6-3 (Groundball, 6, EV 90.0 MPH)
Batting: RHB Izaiah Norwood 0-0: Ball
1-0: Ball
2-0: Foul Ball, location: 2F
2-1: Foul Ball, location: 2F
2-2: Strikes out swinging
Pinch Hitting: RHB Zander Howard 0-0: Foul Ball, location: 2F
0-1: Ball
1-1: Ball
2-1: Fly out, F8 (Flyball, 8LD, EV 83.1 MPH)
Bottom of the 9th over - 0 runs, 0 hits, 0 errors, 0 left on base; Calgary 8 - Tuscaloosa 6
Friday, March 29th , 2024 - OOTP Baseball 23.10 Build 110